AoeStats
← MAVERICK

Arena

510356579Analyzed
3v3 RM · 20h ago on Sep 30, 2026· 30m 52s· 6 players
Game mode
Random Map
Map size
Normal (6 player)
Population
200
Speed
Normal
Resources
Standard
Victory
Conquest
Starting age
Dark Age
Ending age
Imperial Age
RankedLock teamsTeams togetherTeam positionsShared explorationLock speedFull tech treeHidden civsTurbo modeCheats
Victory
Defeat
🇨🇿 Spanish · Czechia
1146
+16
🇺🇸 Cumans · United States
1135
+16
🇺🇸 Turks · United States
1110
+18
🇦🇷 Bohemians · Argentina
1156
-17
🇦🇷 Britons · Argentina
1152
-17
🇦🇷 Spanish · Argentina
1129
-16
X Saint
9:27 Feudal Age
10:09 Double-Bit Axe
18:52 Castle Age
17:08 Loom
18:15 Horse Collar
19:57 Bow Saw
19:48 Heavy Plow
21:51 Wheelbarrow
21:30 Scale Barding Armor
22:54 Forging
30:14 Imperial Age
28:44 Bloodlines
31:02 Iron Casting
29:57 Elite Skirmisher
31:15 Chain Barding Armor
TheShade
10:37 Feudal Age
14:56 Castle Age
14:09 Horse Collar
14:15 Double-Bit Axe
14:44 Loom
14:45 Town Watch
24:45 Redemption
25:32 Fervor
29:45 Sanctity
29:33 Heavy Plow
29:46 Bow Saw
29:36 Gold Mining
30:42 Bloodlines
rafed123
12:29 Feudal Age
16:24 Castle Age
14:45 Double-Bit Axe
21:23 Imperial Age
19:38 Bow Saw
19:58 Gold Mining
21:21 Gold Shaft Mining
23:58 Padded Archer Armor
MAVERICK
12:00 Feudal Age
10:16 Loom
15:36 Castle Age
14:15 Double-Bit Axe
14:12 Horse Collar
17:14 Wheelbarrow
24:16 Fortified Wall
24:36 Ballistics
25:20 Chemistry
25:16 Fletching
28:45 Scale Barding Armor
29:10 Fortified Wall
30:42 Bow Saw
rstizza
2:41 Loom
5:00 Loom
11:55 Feudal Age
16:54 Castle Age
16:35 Double-Bit Axe
17:52 Stone Mining
18:53 Horse Collar
26:42 Heavy Plow
28:04 Pikeman
balgarv
11:45 Feudal Age
10:39 Loom
15:38 Castle Age
13:27 Double-Bit Axe
13:53 Horse Collar
16:49 Bow Saw
22:37 Fletching
23:47 Ballistics
23:44 Bodkin Arrow
26:17 Gold Mining
26:54 Padded Archer Armor
28:04 Pikeman
28:45 Squires
31:49 Imperial Age
30:22 Gold Shaft Mining
30:12 Pikeman
Connection lost

Rejoining the realm…

Still unreachable

The connection could not be restored.

Session expired

The server has moved on; the page needs a fresh start.